[Event "Titled Tuesday Blitz May 16 Late 2023"]
[White "De Souza, Cristiano Gomes"]
[Black "Eugene, Floryan"]
[WhiteFideId "2151758"]
[BlackFideId "20694784"]
[WhiteElo "2068"]
[BlackElo "2369"]
[Result "0-1"]
[Round "01"]
[TimeControl "180+2"]
[Date "2023.05.16"]
[WhiteClock "0:02:03"]
[BlackClock "0:02:28"]

1. d4 e5 2. dxe5 Nc6 3. Nf3 Qe7 4. Bf4 Qb4+ 5. Bd2 Qxb2 6. Nc3 Bb4 7. Rb1 Qxc3 8. Bxc3 Bxc3+ 9. Nd2 Nxe5 10. e3 Nf6 11. Be2 Ne4 12. O-O Nxd2 13. Rb3 Nxb3 14. cxb3 d6 15. Qc2 Ba5 16. b4 Bb6 17. a4 a5 18. b5 O-O 19. e4 Nd7 20. Kh1 Nc5 21. f4 Be6 22. Bc4 Rae8 23. f5 Bxc4 24. Qxc4 Rxe4 25. Qd5 Rfe8 26. f6 Rf4 27. Qd1 Rxf1+ 28. Qxf1 Nd3 29. h3 Re1 30. Qxe1 Nxe1 0-1


[Site "https://www.chess.com"]

[Event "Titled Tuesday Blitz May 16 Late 2023"]
[White "Tarlabasi, Emirhan"]
[Black "Bashkansky, Ethan"]
[WhiteFideId "6350275"]
[BlackFideId "2071533"]
[WhiteElo "2200"]
[BlackElo "2286"]
[Result "1-0"]
[Round "01"]
[TimeControl "180+2"]
[Date "2023.05.16"]
[WhiteClock "0:00:08"]
[BlackClock "0:00:05"]

1. d4 f5 2. g4 fxg4 3. e4 d5 4. e5 Nc6 5. c3 Bf5 6. Ne2 Qd7 7. Ng3 g6 8. Bg2 O-O-O 9. Nd2 Kb8 10. Ndf1 h5 11. Bg5 Nh6 12. Ne3 Nf7 13. Bf4 e6 14. Ngxf5 gxf5 15. b4 h4 16. h3 Bh6 17. Bxh6 Nxh6 18. hxg4 fxg4 19. Rxh4 Nf5 20. Rxg4 Qh7 21. Qe2 Rdg8 22. Kd2 Rxg4 23. Qxg4 Nxe3 24. fxe3 Rg8 25. Qh3 Qg6 26. Bf3 Ne7 27. Be2 c6 28. Rf1 Nf5 29. Bd3 Qg5 30. Bxf5 exf5 31. Qxf5 Qxf5 32. Rxf5 Rg2+ 33. Kd3 Rxa2 34. Rf8+ Kc7 35. Rf7+ Kc8 36. e6 b5 37. e4 dxe4+ 38. Kxe4 Kd8 39. Ke5 Ke8 40. Kd6 Re2 41. Rxa7 Kf8 42. Ra8+ Kg7 43. Kd7 Kf6 44. Rf8+ Kg7 45. Rf3 Re4 46. e7 Re3 47. Rxe3 1-0


[Site "https://www.chess.com"]

[Event "Titled Tuesday Blitz May 16 Late 2023"]
[White "ibove"]
[Black "Kim, Sergey"]
[BlackFideId "13700570"]
[WhiteElo "2280"]
[BlackElo "2603"]
[Result "0-1"]
[Round "01"]
[TimeControl "180+2"]
[Date "2023.05.16"]
[WhiteClock "0:00:14"]
[BlackClock "0:00:49"]

1. d4 Nf6 2. Nf3 g6 3. Bg5 Bg7 4. e3 d6 5. Nbd2 O-O 6. Be2 Nbd7 7. Rc1 e5 8. dxe5 dxe5 9. Nc4 Qe7 10. O-O e4 11. Nd4 a6 12. a4 Ne5 13. Nxe5 Qxe5 14. Bf4 Qe7 15. c4 Rd8 16. Qc2 c5 17. Nb3 Bd7 18. Na5 Be8 19. Qb3 b5 20. axb5 axb5 21. Ra1 b4 22. h3 h6 23. f3 Nh5 24. fxe4 Nxf4 25. Rxf4 Rd2 26. Bg4 Rxb2 27. Qd3 Rd8 28. Qf1 Rdd2 29. Bf3 b3 30. Rd1 Qd6 31. Rxd2 Qxd2 32. Nb7 Qxe3+ 33. Kh2 Qxf4+ 0-1


[Site "https://www.chess.com"]

[Event "Titled Tuesday Blitz May 16 Late 2023"]
[White "lluiss"]
[Black "Fishbein, Alexander"]
[BlackFideId "2000377"]
[WhiteElo "2278"]
[BlackElo "2415"]
[Result "0-1"]
[Round "01"]
[TimeControl "180+2"]
[Date "2023.05.16"]
[WhiteClock "0:00:24"]
[BlackClock "0:02:13"]

1. Nf3 Nf6 2. c4 g6 3. g3 Bg7 4. Bg2 O-O 5. O-O d6 6. d4 Nc6 7. Nc3 e5 8. dxe5 dxe5 9. Bg5 h6 10. Qxd8 Rxd8 11. Bxf6 Bxf6 12. Nd5 Kg7 13. Nxc7 Rb8 14. Nd5 e4 15. Nd2 Bxb2 16. Rab1 Ba3 17. Nxe4 Be6 18. Rfd1 Ne5 19. Nf4 Rxd1+ 20. Rxd1 Bxc4 21. Rd4 b5 22. Nd5 Rd8 23. Nd2 Bb2 24. Nxc4 Bxd4 25. Nxe5 Bxe5 0-1


[Site "https://www.chess.com"]

[Event "Titled Tuesday Blitz May 16 Late 2023"]
[White "Adla, Diego"]
[Black "Uddin, Mubassar"]
[WhiteFideId "100072"]
[BlackFideId "2093944"]
[WhiteElo "2377"]
[BlackElo "2051"]
[Result "1-0"]
[Round "01"]
[TimeControl "180+2"]
[Date "2023.05.16"]
[WhiteClock "0:01:19"]
[BlackClock "0:00:25"]

1. c4 e6 2. g3 d5 3. Bg2 c5 4. Nf3 Nc6 5. O-O Nf6 6. d4 Be7 7. cxd5 exd5 8. dxc5 Bxc5 9. Qc2 Be7 10. Rd1 O-O 11. Nc3 h6 12. e4 Be6 13. exd5 Nxd5 14. Nxd5 Bxd5 15. Rxd5 Qxd5 16. Ng5 Qxg2+ 17. Kxg2 hxg5 18. Be3 Rac8 19. Rd1 Bf6 20. Qb3 b6 21. Qb5 Ne5 22. b3 Rfd8 23. Rxd8+ Rxd8 24. Bxg5 a6 25. Qe2 Bxg5 26. Qxe5 Bf6 27. Qc7 Rd2 28. Qxb6 Bd4 29. Qxa6 Rxf2+ 30. Kh3 Rf6 31. Qa8+ Kh7 32. Qe4+ 1-0


[Site "https://www.chess.com"]

[Event "Titled Tuesday Blitz May 16 Late 2023"]
[White "Leschinsky, Gary"]
[Black "Poltorak, Sebastian"]
[WhiteFideId "30951321"]
[BlackFideId "1199498"]
[WhiteElo "1855"]
[BlackElo "2195"]
[Result "1/2-1/2"]
[Round "01"]
[TimeControl "180+2"]
[Date "2023.05.16"]
[WhiteClock "0:00:16"]
[BlackClock "0:00:14"]

1. d4 Nf6 2. c4 g6 3. Nc3 d5 4. cxd5 Nxd5 5. e4 Nxc3 6. bxc3 Bg7 7. Nf3 c5 8. h3 O-O 9. Be2 Qa5 10. Bd2 Rd8 11. O-O Nc6 12. c4 Qa3 13. d5 Bxa1 14. Qxa1 Nb4 15. Qe5 Re8 16. Qg5 f6 17. Qh6 Qxa2 18. Ng5 fxg5 19. Bc3 e5 20. dxe6 Re7 21. Bf6 Nc6 22. Bxe7 Nxe7 23. Qxg5 Bxe6 24. Qxe7 Bf7 25. Bf3 Qxc4 26. Qxb7 Rd8 27. Qxa7 Qd4 28. Rc1 c4 29. Qxd4 Rxd4 30. Rc3 Kf8 31. Kf1 Ke7 32. Ke2 Kd6 33. Ke3 Kc5 34. Be2 Rd8 35. Rc1 Rb8 36. f4 Rb3+ 37. Kf2 Rb2 38. e5 Kd4 39. Rd1+ Ke4 40. g3 c3 41. Kf1 c2 42. Bd3+ Ke3 43. Bxc2 Rxc2 44. Rd7 Bc4+ 45. Kg1 Be2 46. e6 Bf3 47. g4 Rc1+ 48. Kh2 Kxf4 49. Rf7+ Kg5 50. Rxf3 Re1 51. Rf7 h5 52. gxh5 Rxe6 53. hxg6 Rxg6 54. Ra7 Kh6 55. Ra4 Rb6 56. Kg3 Kg6 57. Kg4 Kh6 58. h4 Rc6 59. Rf4 Rb6 60. h5 Ra6 61. Re4 Rc6 62. Rf4 Rb6 63. Re4 Ra6 64. Rd4 Re6 65. Rc4 Rd6 66. Rb4 Ra6 67. Rc4 Rd6 68. Ra4 Rb6 69. Rc4 Rd6 1/2-1/2


[Site "https://www.chess.com"]

[Event "Titled Tuesday Blitz May 16 Late 2023"]
[White "Wadsworth, Matthew J"]
[Black "MunichMouse"]
[WhiteFideId "415804"]
[WhiteElo "2347"]
[BlackElo "2264"]
[Result "1-0"]
[Round "01"]
[TimeControl "180+2"]
[Date "2023.05.16"]
[WhiteClock "0:00:09"]
[BlackClock "0:00:00"]

1. c4 c5 2. g3 g6 3. Bg2 Bg7 4. Nc3 e5 5. Nf3 Ne7 6. a3 Nbc6 7. Rb1 O-O 8. b4 d6 9. O-O Rb8 10. d3 Be6 11. Ne1 b6 12. Nc2 cxb4 13. axb4 d5 14. b5 Nd4 15. Ne3 dxc4 16. dxc4 Rc8 17. Qa4 Qd7 18. Ba3 Rfd8 19. Rfd1 f5 20. Ned5 Nxd5 21. Bxd5 Bxd5 22. Nxd5 Nxe2+ 23. Kf1 Nd4 24. Ne7+ Kh8 25. Nxc8 Rxc8 26. Bb2 Qb7 27. Bxd4 Qh1+ 28. Ke2 Qe4+ 29. Be3 f4 30. Qb3 Bh6 31. Qd3 Qxd3+ 32. Rxd3 fxe3 33. fxe3 Rxc4 34. Rd8+ Kg7 35. Rbd1 Rc2+ 36. Kf3 Rxh2 37. R1d7+ Kf6 38. Rxh7 Kg5 39. Rdh8 1-0


[Site "https://www.chess.com"]

[Event "Titled Tuesday Blitz May 16 Late 2023"]
[White "Adan Bermudez, Sergio"]
[Black "Cooklev, Steven"]
[WhiteFideId "2292726"]
[BlackFideId "2050552"]
[WhiteElo "2292"]
[BlackElo "2278"]
[Result "1-0"]
[Round "01"]
[TimeControl "180+2"]
[Date "2023.05.16"]
[WhiteClock "0:01:04"]
[BlackClock "0:00:00"]

1. c4 e5 2. Nc3 Nc6 3. Nf3 Nf6 4. e3 d5 5. cxd5 Nxd5 6. Bb5 Nxc3 7. bxc3 Bd6 8. d4 e4 9. Nd2 Qg5 10. Bf1 Bf5 11. Rb1 O-O 12. Rxb7 Rab8 13. Rxb8 Rxb8 14. g3 h5 15. Bg2 Qg6 16. Qc2 Re8 17. Nc4 h4 18. Nxd6 cxd6 19. Ba3 h3 20. Bf1 Bg4 21. Be2 Ne7 22. O-O Nf5 23. Bc1 Nh4 24. f4 exf3 25. Qxg6 fxg6 26. Bd3 Ng2 27. Bxg6 Rc8 28. Bd2 Rb8 29. Rb1 Rxb1+ 30. Bxb1 Kf7 31. Kf2 Ke6 32. e4 d5 33. Bd3 1-0


[Site "https://www.chess.com"]

[Event "Titled Tuesday Blitz May 16 Late 2023"]
[White "olga-belka"]
[Black "Boor, Carl"]
[BlackFideId "2017008"]
[WhiteElo "2263"]
[BlackElo "2330"]
[Result "0-1"]
[Round "01"]
[TimeControl "180+2"]
[Date "2023.05.16"]
[WhiteClock "0:00:00"]
[BlackClock "0:00:10"]

1. e4 g6 2. d4 Bg7 3. Nc3 a6 4. a4 d6 5. Nf3 b6 6. Be2 Bb7 7. O-O e6 8. Re1 Ne7 9. Bg5 h6 10. Be3 Nd7 11. Qd2 g5 12. d5 Ng6 13. dxe6 fxe6 14. Nd4 Qe7 15. Bh5 Ne5 16. f4 gxf4 17. Bxf4 O-O-O 18. Bg3 Nc4 19. Qd3 Nxb2 20. Qd2 Nc4 21. Qd3 Nge5 22. Qe2 Qg5 23. Bf2 Qe7 24. Rab1 a5 25. Ncb5 Kb8 26. Bg4 Nxg4 27. Qxg4 Bc8 28. Qe2 Ne5 29. Bg3 Bb7 30. Qh5 Bf6 31. Rbd1 Bg5 32. Qh3 Rde8 33. Bxe5 dxe5 34. Nf3 Bf4 35. g3 Bg5 36. Qf1 Rhf8 37. Qe2 Qc5+ 38. Kg2 Be7 39. Rd3 Rd8 40. Red1 Rxd3 41. Rxd3 Bc6 42. Nc3 Qb4 43. Qd2 Bb7 44. Kg1 Bc5+ 45. Kg2 Bd4 46. h4 Bxc3 47. Rxc3 Qxe4 48. Re3 Qd5 0-1


[Site "https://www.chess.com"]

[Event "Titled Tuesday Blitz May 16 Late 2023"]
[White "Saveliev, Alexei"]
[Black "mjelcic"]
[WhiteFideId "24128546"]
[WhiteElo "2271"]
[BlackElo "2256"]
[Result "1-0"]
[Round "01"]
[TimeControl "180+2"]
[Date "2023.05.16"]
[WhiteClock "0:02:41"]
[BlackClock "0:02:25"]

1. c4 e5 2. Nc3 Nc6 3. Nf3 f5 4. d4 e4 5. d5 exf3 6. dxc6 fxg2 7. Bxg2 bxc6 8. Bf4 Nf6 9. O-O Be7 10. Nb5 d6 11. Bxc6+ Bd7 12. Bxa8 Qxa8 13. Nxc7+ Kf7 14. Nxa8 Rxa8 1-0


[Site "https://www.chess.com"]

[Event "Titled Tuesday Blitz May 16 Late 2023"]
[White "Palacio,Igor Da Paz"]
[Black "Ismagilov, Damir"]
[WhiteFideId "2121140"]
[BlackFideId "34199982"]
[WhiteElo "2126"]
[BlackElo "2143"]
[Result "0-1"]
[Round "01"]
[TimeControl "180+2"]
[Date "2023.05.16"]
[WhiteClock "0:00:00"]
[BlackClock "0:00:26"]

1. e4 g6 2. d3 Bg7 3. g3 b6 4. Bg2 Bb7 5. Nf3 d6 6. O-O Nf6 7. Re1 O-O 8. Nbd2 Nbd7 9. c3 c5 10. a3 e5 11. b4 a5 12. b5 d5 13. Qc2 c4 14. dxc4 dxe4 15. Ng5 Nc5 16. Ndxe4 Qc7 17. Nxc5 bxc5 18. Ne4 Nxe4 19. Bxe4 f5 20. Bd5+ Kh8 21. a4 Rad8 22. Rd1 Rd7 23. Ba3 Bxd5 24. cxd5 e4 25. Rab1 Rfd8 26. c4 Bd4 27. Bb2 Kg8 28. Bxd4 cxd4 29. Rxd4 Qc5 30. Qb2 Re7 31. Re1 Rde8 32. Re3 g5 33. Qc3 f4 34. Re1 f3 35. Re3 Qc8 36. Qc2 Qh3 0-1


[Site "https://www.chess.com"]

[Event "Titled Tuesday Blitz May 16 Late 2023"]
[White "Escalante Ramirez, Rafael"]
[Black "Al-Tarboush, Ward"]
[WhiteFideId "3900177"]
[BlackFideId "7601450"]
[WhiteElo "2246"]
[BlackElo "2265"]
[Result "0-1"]
[Round "01"]
[TimeControl "180+2"]
[Date "2023.05.16"]
[WhiteClock "0:00:00"]
[BlackClock "0:02:01"]

1. Nf3 Nf6 2. d4 b6 3. c4 Bb7 4. e3 e6 5. a3 Be7 6. Nc3 O-O 7. Bd3 d5 8. cxd5 Nxd5 9. Bd2 c5 10. O-O cxd4 11. Nxd4 Nc6 12. Nxc6 Bxc6 13. Qe2 Bf6 14. Rac1 Rc8 15. Ba6 Rc7 16. Rfd1 Qe7 17. Nxd5 Bxd5 18. Rxc7 Qxc7 19. Rc1 Qe5 20. Bc3 Qg5 21. f3 h5 22. Bxf6 Qxf6 23. e4 Ba8 24. Bd3 Rd8 25. Kh1 h4 26. h3 Qg5 0-1


[Site "https://www.chess.com"]

[Event "Titled Tuesday Blitz May 16 Late 2023"]
[White "Colbow, Collin"]
[Black "Magallanes, Rey Jomar"]
[WhiteFideId "16201132"]
[BlackFideId "5205948"]
[WhiteElo "2351"]
[BlackElo "2237"]
[Result "1/2-1/2"]
[Round "01"]
[TimeControl "180+2"]
[Date "2023.05.16"]
[WhiteClock "0:00:04"]
[BlackClock "0:00:15"]

1. Nf3 d5 2. g3 Nf6 3. Bg2 g6 4. O-O Bg7 5. d3 O-O 6. Nbd2 Nc6 7. Re1 e5 8. e4 Re8 9. c3 a5 10. Qc2 d4 11. cxd4 Nb4 12. Qb1 exd4 13. a3 Nc6 14. a4 Nb4 15. Nc4 b6 16. b3 Ba6 17. e5 Nfd5 18. Bg5 Qd7 19. Nxd4 Nc3 20. Qb2 Qxd4 21. Bxa8 Rxa8 22. Rac1 Nbd5 23. Be3 Qxd3 24. Rc2 Bxc4 25. Rd2 Qe4 26. bxc4 Bxe5 27. Qc1 Qxc4 28. f4 Bf6 29. Bf2 Nb4 30. Re3 Bd4 31. Rxc3 Qxc3 32. Qxc3 Bxc3 33. Rd7 c5 34. Rd6 Nd3 35. h4 Nxf2 36. Kxf2 Bd4+ 37. Kf3 Rb8 38. Ke4 b5 39. axb5 Rxb5 40. h5 a4 41. h6 Kf8 42. Ra6 Ke7 43. Kd5 c4+ 44. Kxd4 Rb4 45. Kc5 Rb3 46. Kxc4 Rxg3 47. Rxa4 Rg4 48. Kd5 g5 49. Ke5 Rxf4 50. Ra7+ Kf8 51. Ra8+ Ke7 52. Ra7+ Kd8 53. Ra8+ Kd7 54. Rh8 f6+ 55. Kd5 g4 56. Rxh7+ Ke8 57. Ke6 Re4+ 58. Kxf6 Rf4+ 59. Kg5 Rf7 60. Rh8+ Rf8 61. Rh7 Rf7 62. Rg7 Rxg7+ 63. hxg7 Kf7 64. Kxg4 Kxg7 1/2-1/2


[Site "https://www.chess.com"]

[Event "Titled Tuesday Blitz May 16 Late 2023"]
[White "Krasteva, Beloslava"]
[Black "Bernabeu Lopez, Carlos Javier"]
[WhiteFideId "2922029"]
[BlackFideId "2235366"]
[WhiteElo "2187"]
[BlackElo "2344"]
[Result "0-1"]
[Round "01"]
[TimeControl "180+2"]
[Date "2023.05.16"]
[WhiteClock "0:00:02"]
[BlackClock "0:01:52"]

1. d4 Nf6 2. Nf3 g6 3. c4 Bg7 4. Nc3 O-O 5. e4 d6 6. Be2 Bg4 7. Be3 Nfd7 8. h3 Bxf3 9. Bxf3 Nc6 10. d5 Na5 11. Be2 Bxc3+ 12. bxc3 e5 13. O-O Re8 14. f4 exf4 15. Rxf4 b6 16. Bd4 Ne5 17. Qf1 Qe7 18. Qf2 Rf8 19. Rf1 Rae8 20. h4 c5 21. Be3 Naxc4 22. Bc1 f6 23. h5 g5 24. Rf5 h6 25. Qg3 Rf7 26. Bf4 Ref8 27. Bc1 Kh8 28. Kh2 b5 29. Kg1 a5 30. Kh2 b4 31. cxb4 axb4 32. Qb3 Nb6 33. Bb2 Nbd7 34. a3 Rb8 35. Qa4 bxa3 36. Qxa3 Kg7 37. Qc3 Rff8 38. Qa3 Ra8 39. Qg3 Rfb8 40. Bxe5 dxe5 41. Qc3 Qd6 42. Bc4 Rb4 43. Qc2 Ra3 44. Qc1 Raa4 45. Qc2 Rxc4 46. Qd3 Rxe4 47. Qf3 Rh4+ 48. Kg1 Rhf4 49. Rxf4 Rxf4 50. Qb3 Rxf1+ 51. Kxf1 e4 0-1


[Site "https://www.chess.com"]

[Event "Titled Tuesday Blitz May 16 Late 2023"]
[White "Denishev, Marat"]
[Black "Talbi, Chafik"]
[WhiteFideId "24131563"]
[BlackFideId "7903715"]
[WhiteElo "2311"]
[BlackElo "2186"]
[Result "1-0"]
[Round "01"]
[TimeControl "180+2"]
[Date "2023.05.16"]
[WhiteClock "0:00:30"]
[BlackClock "0:00:00"]

1. d4 c6 2. c4 d5 3. Nf3 Nf6 4. Nc3 e6 5. Bg5 Be7 6. e3 O-O 7. Qc2 b6 8. Bd3 h6 9. Bf4 Bb7 10. O-O Nbd7 11. Rad1 Rc8 12. Qe2 Re8 13. Ne5 Nxe5 14. Bxe5 Nd7 15. Bg3 Nf6 16. b3 Bd6 17. e4 Bxg3 18. hxg3 dxe4 19. Nxe4 Nxe4 20. Qxe4 Qf6 21. Qh7+ Kf8 22. Rfe1 Rcd8 23. Be4 Rxd4 24. Bf3 Red8 25. Rxd4 Qxd4 26. Re3 Ke7 27. c5 bxc5 28. Re4 Qf6 29. Ra4 a6 30. Rc4 Qe5 31. Re4 Qf6 32. Rf4 Qa1+ 33. Kh2 Qb2 34. Bh5 Rf8 35. Qd3 Qe5 36. Bf3 Rd8 37. Qc2 Rd4 38. Qc1 Rxf4 39. gxf4 Qd4 40. Kg3 a5 41. Qe1 Qb4 42. Qe5 Qd4 43. Qc7+ Qd7 44. Qxa5 Qd6 45. Qa7 Qd7 46. Qa5 Kf8 47. Qxc5+ Kg8 48. a4 Qc7 49. Qe5 1-0


[Site "https://www.chess.com"]

[Event "Titled Tuesday Blitz May 16 Late 2023"]
[White "Dylag, Emilia"]
[Black "Omranalhosani21"]
[WhiteFideId "21805172"]
[WhiteElo "1878"]
[BlackElo "2577"]
[Result "0-1"]
[Round "01"]
[TimeControl "180+2"]
[Date "2023.05.16"]
[WhiteClock "0:00:05"]
[BlackClock "0:00:02"]

1. d4 d5 2. c4 dxc4 3. e4 e5 4. Nf3 exd4 5. Bxc4 Nc6 6. O-O Be6 7. Bb5 Bc5 8. Qc2 Bb6 9. Bxc6+ bxc6 10. Qxc6+ Bd7 11. Qc4 Be6 12. Qc6+ Bd7 13. Qc4 c5 14. b4 Be6 15. Qb5+ Bd7 16. Qc4 Rc8 17. Bg5 f6 18. Bf4 cxb4 19. Qxb4 Bc5 20. Qb3 Ne7 21. Nbd2 Qb6 22. e5 Qxb3 23. Nxb3 Nd5 24. Bg3 d3 25. Rad1 Bb5 26. Rc1 Nc3 27. Rxc3 Bxf2+ 28. Bxf2 Rxc3 29. exf6 gxf6 30. Bd4 Rc2 31. Bxf6 O-O 32. Nfd4 d2 33. Rd1 Rxa2 34. Nxb5 Rxf6 35. Rxd2 Rxd2 36. Nxd2 a6 37. Na3 a5 38. Ndc4 a4 39. g3 Kg7 40. Kg2 h5 41. Nc2 Rc6 42. N4a3 Rc3 43. Kf2 Kf6 44. h3 Kg5 45. Kg2 h4 46. g4 Rg3+ 47. Kh2 Kf4 48. Nc4 Rc3 49. N2a3 Kf3 50. Kh1 Kg3 51. g5 Rc1# 0-1


[Site "https://www.chess.com"]

[Event "Titled Tuesday Blitz May 16 Late 2023"]
[White "Moore, Nicholas"]
[Black "Harish, Neeraj"]
[WhiteFideId "4303709"]
[BlackFideId "30958130"]
[WhiteElo "2573"]
[BlackElo "1879"]
[Result "1-0"]
[Round "01"]
[TimeControl "180+2"]
[Date "2023.05.16"]
[WhiteClock "0:00:15"]
[BlackClock "0:00:02"]

1. d4 d5 2. c4 e6 3. Nf3 Nf6 4. g3 Be7 5. Bg2 O-O 6. O-O dxc4 7. Ne5 Nc6 8. Nxc6 bxc6 9. Na3 Bxa3 10. bxa3 Rb8 11. Qa4 Qxd4 12. Be3 Qd6 13. Rfd1 Qe7 14. Qxa7 Rb5 15. Bxc6 Rh5 16. Bf3 Rb5 17. a4 Rf5 18. Rac1 Rd8 19. Rxd8+ Qxd8 20. Qa8 Nd5 21. Bd2 Nb6 22. Qc6 Bd7 23. Qb7 Bc8 24. Qc6 Bd7 25. Qe4 Bxa4 26. Bc3 h6 27. h4 Be8 28. Qg4 f6 29. Be4 h5 30. Qh3 Bg6 31. Bxf5 Bxf5 32. Qg2 Qd7 33. Qf3 Bg6 34. Qe3 e5 35. Qc5 Kh7 36. Ra1 Qa4 37. Qb4 Qc2 38. Re1 Qxa2 39. Qb2 Qa4 40. Qa1 Qd7 41. Qd1 Qc6 42. f3 Nd5 43. Qd2 Nxc3 44. Qxc3 Qe6 45. Qe3 Qh3 46. Qf2 Qd7 47. Rc1 Bf7 48. Qe3 g6 49. Qc3 Be6 50. Qb4 Qc6 51. Qd2 Qd7 52. Qxd7+ Bxd7 53. Rxc4 c6 54. Kf2 Kg7 55. Ke3 Kf7 56. Ra4 Ke7 57. Ra7 Kd6 58. Kd3 Bf5+ 59. Kc3 Bd7 60. Kc4 Be6+ 61. Kb4 Bd7 62. Rb7 c5+ 63. Kc3 Kc6 64. Ra7 Kd6 65. Ra6+ Ke7 66. Kc4 Bc8 67. Ra7+ Kd6 68. Ra8 Be6+ 69. Kc3 Kc6 70. Ra6+ Kd5 71. Ra7 Kd6 72. Rg7 Bf5 73. e4 Bh3 74. Rxg6 Ke6 75. Kd2 Bg2 76. Ke3 c4 77. Rg8 c3 78. Rc8 Kd7 79. Rxc3 Ke6 80. Ra3 f5 81. Ra6+ Kf7 82. exf5 Bh3 83. Ra7+ Kf6 84. Ke4 Bxf5+ 85. Ke3 Bg6 86. Ra6+ Kg7 87. Kd2 Bf7 88. Kc3 Be8 89. Kb4 Bf7 90. Kc5 Bb3 91. Ra3 Bd1 92. Kd6 e4 93. fxe4 Bg4 94. Ra7+ Kf6 95. e5+ Kf5 96. Rf7+ Ke4 97. Rf4+ Kd3 98. e6 Bxe6 99. Kxe6 Ke3 100. Kf6 1-0


[Site "https://www.chess.com"]

[Event "Titled Tuesday Blitz May 16 Late 2023"]
[White "Sargsyan, Anna M."]
[Black "Schut, Han"]
[WhiteFideId "13308130"]
[BlackFideId "1005561"]
[WhiteElo "2284"]
[BlackElo "2024"]
[Result "1-0"]
[Round "01"]
[TimeControl "180+2"]
[Date "2023.05.16"]
[WhiteClock "0:00:36"]
[BlackClock "0:00:30"]

1. d4 Nf6 2. c4 g6 3. g3 Bg7 4. Bg2 d5 5. cxd5 Nxd5 6. e4 Nb6 7. Ne2 Nc6 8. d5 Ne5 9. O-O e6 10. f4 Nec4 11. Nbc3 exd5 12. Nxd5 Nxd5 13. Qa4+ c6 14. exd5 Nb6 15. Qe4+ Kf8 16. dxc6 bxc6 17. Qxc6 Ba6 18. Re1 Bxe2 19. Be3 Bh5 20. Bc5+ Kg8 21. Bxb6 axb6 22. Qxa8 Qxa8 23. Bxa8 Bxb2 24. Re8+ Kg7 25. Rxh8 Bxa1 26. Rd8 Bg4 27. Kg2 Be6 28. a4 Bc3 29. Rd6 Bb4 30. Rxb6 1-0


[Site "https://www.chess.com"]

[Event "Titled Tuesday Blitz May 16 Late 2023"]
[White "Calhoun, Luke"]
[Black "Kleiman, Jake"]
[WhiteFideId "2064421"]
[BlackFideId "2020041"]
[WhiteElo "2253"]
[BlackElo "2567"]
[Result "0-1"]
[Round "01"]
[TimeControl "180+2"]
[Date "2023.05.16"]
[WhiteClock "0:00:12"]
[BlackClock "0:00:31"]

1. e4 e5 2. f4 exf4 3. Nf3 Ne7 4. Nc3 d5 5. exd5 Nxd5 6. Bc4 Be6 7. Qe2 Be7 8. Nxd5 Bxd5 9. d4 O-O 10. Bxf4 Bxf3 11. Qxf3 Qxd4 12. Bd3 Bd6 13. Bxd6 Qxd6 14. O-O-O Qh6+ 15. Kb1 Nc6 16. g4 Rad8 17. h4 Ne5 18. Qe4 Nxd3 19. Rxd3 Rxd3 20. Qxd3 Qe6 21. g5 Re8 22. a3 g6 23. h5 Qe4 24. Qf1 Qe5 25. hxg6 hxg6 26. Qh3 a5 27. Qh7+ Kf8 28. Qh4 Re6 29. Rf1 Re7 30. Qh7 Qg7 31. Qh4 c6 32. Rf6 Kg8 33. Qh2 Re8 34. Ka1 Qf8 35. Qf4 Qe7 36. Qh4 Qe1+ 37. Qxe1 Rxe1+ 38. Ka2 Re5 39. Rd6 Rxg5 40. Rd7 b5 41. Rc7 Rc5 42. Kb1 a4 43. b4 Rc4 44. Kc1 Kg7 45. Kd2 g5 46. Kd3 Kg6 47. Re7 f6 48. Re8 Kf5 49. c3 Kg4 50. Rf8 f5 51. Rh8 f4 52. Rg8 f3 53. Rf8 Kg3 54. Kd2 g4 55. Rf7 Kg2 56. Kd3 g3 57. Ke3 f2 58. Ke2 Re4+ 59. Kd3 Re1 60. Rg7 f1=Q+ 0-1


[Site "https://www.chess.com"]

[Event "Titled Tuesday Blitz May 16 Late 2023"]
[White "Kejzar, Petra"]
[Black "Spitzl, Vinzent"]
[WhiteFideId "14610213"]
[BlackFideId "12901253"]
[WhiteElo "2089"]
[BlackElo "2225"]
[Result "0-1"]
[Round "01"]
[TimeControl "180+2"]
[Date "2023.05.16"]
[WhiteClock "0:00:16"]
[BlackClock "0:00:06"]

1. e4 c5 2. Nf3 d6 3. d4 cxd4 4. Nxd4 Nf6 5. Nc3 a6 6. Be3 e5 7. Nf3 Be7 8. Bc4 O-O 9. O-O Nc6 10. Bg5 Be6 11. Bb3 Nd7 12. Bxe7 Qxe7 13. Qd2 Nc5 14. Bd5 Rac8 15. Rfe1 Nb4 16. Rad1 Nxd5 17. Nxd5 Bxd5 18. Qxd5 Rc6 19. c3 Ne6 20. h3 Qf6 21. Re3 Nf4 22. Qd2 Qg6 23. Ne1 Rfc8 24. Kh2 b5 25. g3 Ne6 26. Ng2 b4 27. cxb4 Nd4 28. Nh4 Qf6 29. Rc3 g5 30. Nf5 Rxc3 31. Nxd4 exd4 32. bxc3 dxc3 33. Qc2 h6 34. Rd5 Rc4 35. a3 Qe6 36. Qd3 Qxe4 37. Qxe4 Rxe4 38. Rxd6 Rc4 39. Rd1 Kg7 40. Kg2 Kf6 41. Kf3 Ke5 42. Ke3 c2 43. Rc1 Rc3+ 44. Kd2 Rxa3 45. Rxc2 Ke4 46. Ke2 Kd4 47. Rc7 f5 48. Rc6 f4 49. gxf4 gxf4 50. f3 Ra2+ 51. Kd1 Ke3 52. Rxh6 Kxf3 53. Rf6 Kg3 54. h4 f3 55. Kc1 f2 56. Kb1 Re2 57. h5 Re1+ 58. Kb2 f1=Q 59. Rxf1 Rxf1 60. h6 Rh1 61. Ka3 Rxh6 62. Ka4 Kf4 63. Ka5 Ke4 64. Ka4 Kd4 65. Ka5 Kc4 66. Ka4 Rb6 67. Ka5 Rxb4 68. Kxa6 Kc5 69. Ka5 Kc4 70. Ka6 Rb5 0-1


[Site "https://www.chess.com"]

[Event "Titled Tuesday Blitz May 16 Late 2023"]
[White "koncheto"]
[Black "Araujo, Everson De Moura"]
[BlackFideId "22737197"]
[WhiteElo "2567"]
[BlackElo "2035"]
[Result "1-0"]
[Round "01"]
[TimeControl "180+2"]
[Date "2023.05.16"]
[WhiteClock "0:00:48"]
[BlackClock "0:00:08"]

1. e4 e6 2. d4 d5 3. Nd2 c6 4. c3 c5 5. Ngf3 Nc6 6. exd5 exd5 7. Bb5 Nf6 8. O-O Be7 9. dxc5 a5 10. b4 O-O 11. Bxc6 bxc6 12. Nb3 axb4 13. cxb4 Ba6 14. Re1 Ne4 15. Nbd4 Bf6 16. Nxc6 Qd7 17. Nce5 Qf5 18. Bb2 Rfe8 19. Qxd5 Bxe5 20. Bxe5 Ng5 21. Nxg5 Qxg5 22. a4 Rad8 23. Qc6 Re6 24. Bd6 Qf6 25. Qxa6 Rde8 26. Qf1 Qg6 27. Rxe6 Rxe6 28. Re1 Rf6 29. Re8# 1-0


[Site "https://www.chess.com"]

[Event "Titled Tuesday Blitz May 16 Late 2023"]
[White "James, Stuart"]
[Black "Karttunen, Mika"]
[WhiteFideId "7400489"]
[BlackFideId "502081"]
[WhiteElo "1950"]
[BlackElo "2396"]
[Result "1/2-1/2"]
[Round "01"]
[TimeControl "180+2"]
[Date "2023.05.16"]
[WhiteClock "0:01:02"]
[BlackClock "0:00:10"]

1. e4 e5 2. Nf3 Nf6 3. Nxe5 d6 4. Nf3 Nxe4 5. Nc3 Nxc3 6. dxc3 Be7 7. Be3 O-O 8. Qd2 Be6 9. Bd3 c5 10. c4 Nd7 11. O-O Ne5 12. Nxe5 dxe5 13. b3 f5 14. f4 e4 15. Be2 Qxd2 16. Bxd2 Bf6 17. Rad1 Bd4+ 18. Kh1 Rad8 19. Be1 Rd7 20. Bh4 Rff7 21. Bh5 g6 22. Be2 b6 23. a4 Bc3 24. Rxd7 Rxd7 25. Rd1 Rxd1+ 26. Bxd1 Bd2 27. Bg3 g5 28. fxg5 f4 29. Bh4 Be3 30. Be1 Kf7 31. Bh5+ Ke7 32. Bc3 Bd4 33. Bd2 e3 34. Be1 Bf5 35. Bd1 Be4 36. c3 Bg7 37. Kg1 Bd3 38. Bf3 Be5 39. g3 Kf7 40. gxf4 Bxf4 41. h4 Bc2 42. b4 Bxa4 43. b5 Bc2 44. Bd5+ Kg6 45. Kg2 Bd1 46. Bf3 Bc2 47. Bd5 Kf5 48. Kf3 Bd1+ 49. Kg2 Kg4 50. Be6+ Kh5 51. Bd5 Kg4 52. Be6+ Kh5 53. Bd5 Kg6 54. Be4+ Kg7 55. Bd5 Be2 56. Bg3 Bxg3 57. Kxg3 Bh5 58. Bf3 Kg6 59. Be4+ Kg7 60. Bf3 Bg6 61. Be2 h6 62. h5 Bf5 63. g6 Be4 64. Kf4 Bg2 65. Kxe3 Kf6 66. Kf4 Bb7 67. Bg4 Bg2 68. Be2 Bh3 69. Bf3 Be6 70. Bd5 Bh3 71. Kg3 Bf1 72. Kh4 Be2 73. Bf7 Bd3 74. Bd5 Be2 75. Bf7 Bd3 76. Bd5 Be2 1/2-1/2


[Site "https://www.chess.com"]